[Event "54th Rubinstein Memorial-A 2018"]
[Site "Polanica-Zdroj"]
[Date "2018.08.20"]
[Round "3"]
[White "Klepek, Witold"]
[Black "Zak, Pawel"]
[Result "1-0"]
[ECO "B37"]
[WhiteElo "2139"]
[BlackElo "1721"]
[Annotator "NA"]
[PlyCount "85"]
[EventDate "2018.08.18"]
[EventType "swiss"]
[EventCountry "POL"]
[SourceTitle "playchess.com"]
[Source "ChessBase"]
[SourceQuality "1"]
[TimeControl "40/5400+30:1800+30"]

1. e4 c5 2. Nf3 Nc6 3. d4 cxd4 4. Nxd4 g6 5. c4 Bg7 6. Nc2 Nf6 7. Nc3 d6 8. Be2 O-O 9. O-O Be6 10. Bd2 Rc8 11. Rc1 Ne5 12. b3 Ned7 13. Be3 Nc5 14. f3 a6 15. Qd2 Bd7 16. Rfd1 a5 17. Nd4 Ne6 18. Ndb5 Bc6 19. Qe1 Qe8 20. Nd5 Bxb5 21. cxb5 Rxc1 22. Rxc1 Nxd5 23. exd5 Nd4 24. Bd3 b6 25. Qf2 Nxb5 26. Bxb6 a4 27. bxa4 Nc3 28. Bd4 Nxd5 29. Bxg7 Kxg7 30. Qd4+ Nf6 31. a5 Qd7 32. a6 Ra8 33. Rb1 e5 34. Qb6 Ra7 35. a4 Nd5 36. Qb5 Nc3 37. Qxd7 Rxd7 38. Rb7 Rd8 39. Bb5 Rc8 40. a7 Ra8 41. Bc6 Ne2+ 42. Kf2 Nd4 43. Bd5 1-0

[Event "54th Rubinstein Memorial-A 2018"]
[Site "Polanica-Zdroj"]
[Date "2018.08.20"]
[Round "3"]
[White "Goslawski, Michal"]
[Black "Manik, Mikulas"]
[Result "0-1"]
[ECO "A05"]
[WhiteElo "2110"]
[BlackElo "2408"]
[Annotator "NA"]
[PlyCount "100"]
[EventDate "2018.08.18"]
[EventType "swiss"]
[EventCountry "POL"]
[SourceTitle "playchess.com"]
[Source "ChessBase"]
[SourceQuality "1"]
[TimeControl "40/5400+30:1800+30"]

1. Nf3 Nf6 2. c4 g6 3. g3 Bg7 4. Bg2 O-O 5. O-O c6 6. b3 Ne4 7. d4 $1 d5 8. Bb2 Bf5 9. Nc3 Nxc3 10. Bxc3 Be4 11. Rc1 a5 12. e3 {[%emt 0:09:44] LiveBook: 11 Games} Nd7 13. Qe2 Nf6 14. Rfd1 e6 $11 15. Bf1 Bxf3 16. Qxf3 Ne4 17. Be1 f5 18. Bd3 Qe7 19. Qe2 h5 20. f3 Nf6 21. h4 e5 22. dxe5 Qxe5 23. Kg2 Rfe8 24. Bc3 Qxe3 25. Qxe3 Rxe3 26. Bd4 Re7 27. cxd5 Nxd5 28. Bc4 Rd7 29. Bxd5+ cxd5 30. Rc5 Bf8 31. Rb5 a4 32. Be5 axb3 33. axb3 Ra3 34. Rd3 Bg7 35. f4 Kf7 36. Rb6 Ra6 37. Rxa6 bxa6 38. Bxg7 Kxg7 39. Rd4 Rd6 40. Kf3 Rb6 41. Rxd5 Rxb3+ 42. Kf2 Rb7 43. Ke3 Ra7 44. Ra5 Kf7 45. Kd4 Ke6 46. Kc5 Rc7+ 47. Kb6 Rc3 48. Rxa6 Kf7 49. Ra7+ Kf6 50. Ra6 Kg7 0-1

[Event "54th Rubinstein Memorial-A 2018"]
[Site "Polanica-Zdroj"]
[Date "2018.08.20"]
[Round "3"]
[White "Bielinski, Dariusz"]
[Black "Cherepov, Alexej"]
[Result "0-1"]
[ECO "A34"]
[WhiteElo "2100"]
[BlackElo "2245"]
[Annotator "NA"]
[PlyCount "62"]
[EventDate "2018.08.18"]
[EventType "swiss"]
[EventCountry "POL"]
[SourceTitle "playchess.com"]
[Source "ChessBase"]
[SourceQuality "1"]
[TimeControl "40/5400+30:1800+30"]

1. Nf3 Nf6 2. c4 c5 3. Nc3 d5 4. cxd5 Nxd5 5. e3 Nc6 6. d4 e6 7. Bc4 cxd4 8. exd4 Nxc3 9. bxc3 Be7 10. O-O O-O 11. Qe2 b6 12. h4 Na5 13. Bd3 Bb7 14. h5 Rc8 15. h6 g6 16. Bd2 Qd5 17. Rfb1 Nc4 18. Bxc4 Rxc4 19. a4 Bc6 20. a5 b5 21. Qe5 f6 22. Qxd5 exd5 23. a6 Bd7 24. Nh2 Rcc8 25. Rb3 Bd6 26. Nf1 Rfe8 27. Bc1 Re1 28. Bb2 Rce8 29. Rxe1 Rxe1 30. Ba3 Bxa3 31. Rxa3 Bf5 0-1

[Event "54th Rubinstein Memorial-A 2018"]
[Site "Polanica-Zdroj"]
[Date "2018.08.20"]
[Round "3"]
[White "Adamczewski, Maciej"]
[Black "Djuric, Stefan"]
[Result "0-1"]
[ECO "A04"]
[WhiteElo "2061"]
[BlackElo "2352"]
[Annotator "NA"]
[PlyCount "74"]
[EventDate "2018.08.18"]
[EventType "swiss"]
[EventCountry "POL"]
[SourceTitle "playchess.com"]
[Source "ChessBase"]
[SourceQuality "1"]
[TimeControl "40/5400+30:1800+30"]

1. Nf3 g6 2. g3 Bg7 3. Bg2 d5 4. O-O e5 5. c4 dxc4 6. Na3 Nc6 7. Nxc4 Nge7 8. d3 O-O 9. Be3 a5 10. Rc1 Nf5 11. Bc5 Re8 12. Ne3 Nfd4 13. b3 Nb4 14. Bxb4 axb4 15. Nxd4 exd4 16. Nd5 Rxa2 17. Rxc7 Bg4 18. Qc1 Ra5 19. Nf4 g5 20. Qc4 Rf8 21. h3 Bd7 22. Nh5 Be6 23. Qc1 Be5 24. Rc5 b6 25. Rxa5 bxa5 26. Qc5 Qc7 27. Rc1 Qxc5 28. Rxc5 Bd6 29. Rxg5+ Kh8 30. Rxa5 Bxb3 31. Be4 Be6 32. Rb5 Rb8 33. Rg5 b3 34. Rg7 Be5 35. Rxh7+ Kg8 36. Rh6 b2 37. Bh7+ Kf8 0-1

[Event "54th Rubinstein Memorial-A 2018"]
[Site "Polanica-Zdroj"]
[Date "2018.08.20"]
[Round "3"]
[White "Rosicki, Marcin"]
[Black "Piliczewski, Bogusz"]
[Result "1-0"]
[ECO "C11"]
[WhiteElo "2002"]
[BlackElo "2112"]
[Annotator "NA"]
[PlyCount "77"]
[EventDate "2018.08.18"]
[EventType "swiss"]
[EventCountry "POL"]
[SourceTitle "playchess.com"]
[Source "ChessBase"]
[SourceQuality "1"]
[TimeControl "40/5400+30:1800+30"]

1. e4 e6 2. Nf3 d5 3. Nc3 dxe4 4. Nxe4 Nd7 5. d4 Ngf6 6. Nxf6+ Nxf6 7. Bd3 c5 8. Be3 Nd5 9. Bg5 Qb6 10. O-O Bd6 11. Ne5 O-O 12. Nc4 Qc7 13. Nxd6 Qxd6 14. dxc5 Qxc5 15. Qh5 f5 16. Rfe1 Nf6 17. Qh4 Kh8 18. Be3 Qc7 19. Bd4 h6 20. Rad1 Bd7 21. Be5 Qc6 22. Be2 Rad8 23. Bd6 Rfe8 24. Bh5 Nxh5 25. Qxh5 Qc4 26. Be5 Qg4 27. Qxg4 fxg4 28. Bc7 Rc8 29. Rxd7 e5 30. Bxe5 Kg8 31. Rxg7+ Kf8 32. Rxb7 Rcd8 33. Bg7+ Kg8 34. Rxe8+ Rxe8 35. g3 Re2 36. Rxa7 Rxc2 37. Bc3 h5 38. a4 h4 39. gxh4 1-0

[Event "54th Rubinstein Memorial-A 2018"]
[Site "Polanica-Zdroj"]
[Date "2018.08.21"]
[Round "4"]
[White "Djuric, Stefan"]
[Black "Sabuk, Piotr"]
[Result "1/2-1/2"]
[ECO "D41"]
[WhiteElo "2352"]
[BlackElo "2377"]
[Annotator "NA"]
[PlyCount "120"]
[EventDate "2018.08.18"]
[EventType "swiss"]
[EventCountry "POL"]
[SourceTitle "playchess.com"]
[Source "ChessBase"]
[SourceQuality "1"]
[TimeControl "40/5400+30:1800+30"]

1. d4 Nf6 2. c4 e6 3. Nf3 d5 4. Nc3 c5 5. cxd5 Nxd5 6. e3 cxd4 7. exd4 Nxc3 8. bxc3 Qc7 9. Bb5+ Nd7 10. O-O Bd6 11. c4 O-O 12. c5 $14 Be7 13. Re1 Rd8 14. Bd2 Nf6 15. Qa4 Bd7 16. Bxd7 Qxd7 17. Qxd7 Rxd7 18. Rab1 h6 19. h3 b6 20. Rec1 Nd5 21. a4 Rc7 22. cxb6 Rxc1+ 23. Rxc1 axb6 24. Rc4 f6 25. Kf1 Kf7 26. Ke2 Bb4 27. Ne1 Bd6 28. Nd3 g5 29. Kd1 h5 30. Kc2 h4 31. Kb3 Rh8 32. f3 Ke7 33. Nf2 Kd7 34. Ne4 Bf4 35. Rc2 Rg8 36. Nc3 Bxd2 37. Nxd5 exd5 38. Rxd2 Re8 39. Kb4 Re1 40. Rb2 Kc6 41. Rc2+ Kd6 42. Rb2 Kc6 43. a5 bxa5+ 44. Kxa5 Ra1+ 45. Kb4 Rc1 46. Ka5 Kd7 47. Rb7+ Ke6 48. Rb6+ Kf5 49. Rd6 Rc2 50. Rxd5+ Kf4 51. Rc5 Rxg2 52. Kb6 Kxf3 53. d5 g4 54. Rc3+ Ke4 55. d6 g3 56. Kc7 Rd2 57. Rc4+ Ke5 58. d7 f5 59. Rc5+ Ke4 60. Rc4+ Kd5 1/2-1/2

[Event "54th Rubinstein Memorial-A 2018"]
[Site "Polanica-Zdroj"]
[Date "2018.08.21"]
[Round "4"]
[White "Bukojemski, Adam"]
[Black "Adamczewski, Maciej"]
[Result "1-0"]
[ECO "C11"]
[WhiteElo "2233"]
[BlackElo "2061"]
[Annotator "NA"]
[PlyCount "97"]
[EventDate "2018.08.18"]
[EventType "swiss"]
[EventCountry "POL"]
[SourceTitle "playchess.com"]
[Source "ChessBase"]
[SourceQuality "1"]
[TimeControl "40/5400+30:1800+30"]

1. e4 e6 2. d4 d5 3. Nc3 Nf6 4. e5 Nfd7 5. f4 c5 6. Nf3 Nc6 7. Be3 Be7 8. Qd2 O-O 9. dxc5 Qa5 10. O-O-O b6 11. Bb5 Bb7 12. Kb1 Bxc5 13. Bxc5 Nxc5 14. Bxc6 Bxc6 15. Nd4 Rac8 16. h4 f6 17. Qe3 f5 18. g4 fxg4 19. h5 b5 20. Rdg1 b4 21. Nce2 Bb5 22. Nc1 Ne4 23. Rxg4 Qb6 24. Rhg1 Rf7 25. R1g2 Bf1 26. Rg1 Bc4 27. R4g2 Kh8 28. Rg6 Re8 29. f5 hxg6 30. hxg6 Rxf5 31. Rh1+ Kg8 32. Qh3 Kf8 33. Qh8+ Ke7 34. Qxg7+ Kd8 35. Rh7 Nc5 36. Nxf5 exf5 37. Qf6+ Qxf6 38. exf6 d4 39. f7 Bxf7 40. Rxf7 Rg8 41. Rxf5 Ne6 42. Rb5 Rxg6 43. Rxb4 Rg1 44. b3 Rd1 45. Kb2 Nf4 46. Ra4 Rd2 47. Rxa7 d3 48. Nxd3 Nxd3+ 49. Kc3 1-0

[Event "54th Rubinstein Memorial-A 2018"]
[Site "Polanica-Zdroj"]
[Date "2018.08.21"]
[Round "4"]
[White "Lapaj, Mateusz"]
[Black "Harazinska, Magdalena"]
[Result "1/2-1/2"]
[ECO "B23"]
[WhiteElo "2198"]
[BlackElo "2035"]
[Annotator "NA"]
[PlyCount "91"]
[EventDate "2018.08.18"]
[EventType "swiss"]
[EventCountry "POL"]
[SourceTitle "playchess.com"]
[Source "ChessBase"]
[SourceQuality "1"]
[TimeControl "40/5400+30:1800+30"]

1. e4 c5 2. Nc3 Nc6 3. Nge2 Nd4 4. Nxd4 cxd4 5. Nb5 e5 6. Qh5 d6 7. Bc4 g6 8. Qf3 Be6 9. Bxe6 fxe6 10. c3 a6 11. Na3 Bg7 12. cxd4 exd4 13. Qb3 Qd7 14. Nc4 Rd8 15. Nb6 Qe7 16. Qa4+ Kf7 17. O-O Nf6 18. Qxd4 Rhf8 19. Qb4 Kg8 20. h3 Nh5 21. d3 Qf6 22. Qd2 Qd4 23. Qe3 Nf4 24. Qxd4 Ne2+ 25. Kh2 Bxd4 26. Be3 Bxb2 27. Rab1 Bd4 28. Bxd4 Nxd4 29. f3 Rf7 30. Rfc1 Nc6 31. Kg3 Kg7 32. Kf2 Kf6 33. Ke3 d5 34. Na4 d4+ 35. Kd2 Rdd7 36. Nc5 Rc7 37. Rb6 a5 38. a3 Ke5 39. Nxb7 Rxb7 40. Rcxc6 Kf4 41. Rxe6 Kg3 42. Red6 Rxb6 43. Rxb6 Kxg2 44. Rd6 Kxh3 45. Rxd4 Kg3 46. e5 1/2-1/2

[Event "54th Rubinstein Memorial-A 2018"]
[Site "Polanica-Zdroj"]
[Date "2018.08.21"]
[Round "4"]
[White "Kaminski, Jan"]
[Black "Jaskolka, Tomasz"]
[Result "0-1"]
[ECO "B13"]
[WhiteElo "2026"]
[BlackElo "2165"]
[Annotator "NA"]
[PlyCount "116"]
[EventDate "2018.08.18"]
[EventType "swiss"]
[EventCountry "POL"]
[SourceTitle "playchess.com"]
[Source "ChessBase"]
[SourceQuality "1"]
[TimeControl "40/5400+30:1800+30"]

1. e4 c6 2. d4 d5 3. exd5 cxd5 4. Bd3 Nc6 5. c3 Nf6 6. Bf4 g6 7. Nd2 Bg7 8. Ngf3 Nh5 9. Be3 Qd6 10. Qb3 Bd7 11. h3 Na5 12. Qc2 b5 13. O-O O-O 14. Nb3 Nc4 15. Nc5 Rfc8 16. b4 a5 17. Bxc4 dxc4 18. Ne5 Bc6 19. Nxc6 Qxc6 20. a3 Nf6 21. Qd2 Nd5 22. Bg5 Rc7 23. Qb2 Rca7 24. f4 Qd6 25. Ne4 Qc6 26. Nc5 Qd6 27. Ne4 Qc6 28. Nc5 e6 29. bxa5 Nxc3 30. Qxc3 Qxc5 31. dxc5 Bxc3 32. Rab1 Bd4+ 33. Kh2 Rxa5 34. Be7 Rc8 35. c6 Rxc6 36. Rfd1 e5 37. fxe5 Bxe5+ 38. Kg1 Kg7 39. Rd5 Bf4 40. Bb4 Ra8 41. Rb2 Be3+ 42. Kh2 Bc1 43. Ra2 Rb8 44. Rc2 Bh6 45. Rd7 Bf4+ 46. g3 Be5 47. Kg2 Bf6 48. Rd5 Re6 49. Kf3 Re5 50. Rd7 Rbe8 51. Rb7 Re3+ 52. Kg2 Rb3 53. Rxb5 Ree3 54. g4 Rg3+ 55. Kf2 Bd4+ 56. Kf1 Rg1+ 57. Ke2 Rg2+ 58. Kd1 Rb1+ 0-1

[Event "54th Rubinstein Memorial-A 2018"]
[Site "Polanica-Zdroj"]
[Date "2018.08.21"]
[Round "5"]
[White "Stachowiak, Kamil"]
[Black "Rosicki, Marcin"]
[Result "1/2-1/2"]
[ECO "A15"]
[WhiteElo "2447"]
[BlackElo "2002"]
[Annotator "ChessBase"]
[PlyCount "116"]
[EventDate "2018.08.18"]
[EventType "swiss"]
[EventCountry "POL"]
[SourceTitle "playchess.com"]
[Source "ChessBase"]
[SourceQuality "1"]
[TimeControl "40/5400+30:1800+30"]

1. c4 Nf6 2. Nf3 g6 3. g3 Bg7 4. Bg2 O-O 5. Nc3 d6 6. O-O Nc6 7. Rb1 a6 8. b4 Ng4 9. Qc2 Nge5 10. Nxe5 Nxe5 11. d3 Rb8 12. a4 Bd7 13. h3 Bc6 14. e4 b6 15. f4 Nd7 16. Be3 Bb7 17. Rb3 f5 18. d4 fxe4 19. Nxe4 Nf6 20. Ng5 Bxg2 21. Kxg2 Qd7 22. Rbb1 Qc6+ 23. Kh2 b5 24. axb5 axb5 25. c5 d5 26. f5 h6 27. Ne6 Rfe8 28. Nxg7 Kxg7 29. fxg6 Ne4 30. Rf7+ Kxg6 31. Rbf1 Qe6 32. R7f4 Kg7 33. Rh4 Rh8 34. Bf4 Rbf8 35. Qe2 Ng5 36. Be5+ Kh7 37. Rff4 Rhg8 38. Qf1 Rxf4 39. Rxf4 Ra8 40. h4 Ra2+ 41. Kh1 Qh3+ 42. Qxh3 Nxh3 43. Rf7+ Kg6 44. Rxe7 c6 45. Re6+ Kf5 46. Rxc6 Nf2+ 47. Kg1 Ng4 48. Rc8 Ra1+ 49. Kg2 Ra2+ 50. Kf1 Ne3+ 51. Ke1 Ke4 52. Bf4 Ng2+ 53. Kf1 Kf3 54. Kg1 Nxf4 55. gxf4 Ra1+ 56. Kh2 Ra2+ 57. Kh3 Ra1 58. Kh2 Ra2+ 1/2-1/2

[Event "54th Rubinstein Memorial-A 2018"]
[Site "Polanica-Zdroj"]
[Date "2018.08.21"]
[Round "5"]
[White "Manik, Mikulas"]
[Black "Sanz Wawer, Daniel"]
[Result "1/2-1/2"]
[ECO "B12"]
[WhiteElo "2408"]
[BlackElo "2180"]
[Annotator "ChessBase"]
[PlyCount "61"]
[EventDate "2018.08.18"]
[EventType "swiss"]
[EventCountry "POL"]
[SourceTitle "playchess.com"]
[Source "ChessBase"]
[SourceQuality "1"]
[TimeControl "40/5400+30:1800+30"]

1. e4 c6 2. d4 d5 3. e5 c5 4. dxc5 e6 5. a3 Bxc5 6. b4 Be7 7. Nf3 a5 8. b5 Nd7 9. Bd3 Qc7 10. Bb2 Nh6 11. O-O Nc5 12. a4 Bd7 13. Nbd2 Rc8 14. Be2 Nf5 15. c4 O-O 16. Rc1 Qb8 17. cxd5 exd5 18. Re1 Rfd8 19. Bf1 Ne4 20. Rxc8 Qxc8 21. Qb3 Be6 22. Qd3 Nc5 23. Qc2 Nh4 24. Nxh4 Bxh4 25. Nf3 Bf5 26. Qd1 Be7 27. Bd4 Qe6 28. Bxc5 Bxc5 29. Bd3 b6 30. Qc2 Bxd3 31. Qxd3 1/2-1/2

[Event "54th Rubinstein Memorial-A 2018"]
[Site "Polanica-Zdroj"]
[Date "2018.08.22"]
[Round "5"]
[White "Sabuk, Piotr"]
[Black "Nurkiewicz, Maciej"]
[Result "1/2-1/2"]
[ECO "A67"]
[WhiteElo "2377"]
[BlackElo "2371"]
[Annotator "NA"]
[PlyCount "60"]
[EventDate "2018.08.18"]
[EventType "swiss"]
[EventCountry "POL"]
[SourceTitle "playchess.com"]
[Source "ChessBase"]
[SourceQuality "1"]
[TimeControl "40/5400+30:1800+30"]

1. d4 Nf6 2. c4 c5 3. d5 e6 4. Nc3 exd5 5. cxd5 d6 6. e4 g6 7. f4 Bg7 8. Bb5+ Nfd7 9. Nf3 O-O 10. O-O a6 11. Bd3 b5 12. a3 Re8 13. Kh1 Bb7 14. f5 Ne5 15. Bg5 Bf6 16. fxg6 Bxg5 17. Nxe5 Rxe5 18. Rxf7 hxg6 19. Rxb7 Qc8 20. Rb6 Qc7 21. Qf3 Qxb6 22. Rf1 Ra7 23. Qf8+ Kh7 24. Rf7+ Rxf7 25. Qxf7+ Kh8 26. Qf8+ Kh7 27. Qf7+ Kh8 28. Qf8+ Kh7 29. Qf7+ Kh8 30. Qf8+ Kh7 1/2-1/2

[Event "54th Rubinstein Memorial-A 2018"]
[Site "Polanica-Zdroj"]
[Date "2018.08.21"]
[Round "5"]
[White "Nurkiewicz, Maciej"]
[Black "Psyk, Radoslaw"]
[Result "1-0"]
[ECO "B44"]
[WhiteElo "2371"]
[BlackElo "2304"]
[Annotator "NA"]
[PlyCount "111"]
[EventDate "2018.08.18"]
[EventType "swiss"]
[EventCountry "POL"]
[SourceTitle "playchess.com"]
[Source "ChessBase"]
[SourceQuality "1"]
[TimeControl "40/5400+30:1800+30"]

1. e4 c5 2. Nf3 e6 3. d4 cxd4 4. Nxd4 Nc6 5. Nb5 d6 6. c4 Nf6 7. N1c3 a6 8. Na3 Be7 9. Be2 O-O 10. O-O b6 11. Be3 Ne5 12. f3 Bb7 13. Qb3 Ned7 14. Rfd1 Qc7 15. Rac1 Rac8 16. Kh1 Rfe8 17. Bf1 Bf8 18. Qc2 Qb8 19. Qf2 d5 20. cxd5 exd5 21. Nxd5 Nxd5 22. Rxc8 Rxc8 23. exd5 b5 24. Bd3 Nf6 25. Qh4 Qd6 26. Bf5 Rd8 27. Bf4 Qb6 28. Be5 h6 29. d6 Qe3 30. Bxf6 gxf6 31. d7 Bc5 32. Re1 Qxf3 33. Bh3 Qc6 34. Qg3+ Kf8 35. Qf4 f5 36. Qe5 f6 37. Qxf5 Bb4 38. Rf1 Be7 39. Nc2 Qe4 40. Qf2 Qd3 41. Bf5 Be4 42. Bxe4 Qxe4 43. Qd2 Kf7 44. Re1 Qf5 45. Rd1 Bc5 46. h3 h5 47. Qd5+ Qxd5 48. Rxd5 Bb6 49. Nd4 Bxd4 50. Rxd4 Ke6 51. Kh2 h4 52. g3 Ke5 53. Rd1 hxg3+ 54. Kxg3 Ke4 55. Kg4 b4 56. h4 {Kd5} 1-0

[Event "54th Rubinstein Memorial-A 2018"]
[Site "Polanica-Zdroj"]
[Date "2018.08.21"]
[Round "5"]
[White "Djuric, Stefan"]
[Black "Sabuk, Piotr"]
[Result "0-1"]
[ECO "D41"]
[WhiteElo "2352"]
[BlackElo "2377"]
[Annotator "NA"]
[PlyCount "118"]
[EventDate "2018.08.18"]
[EventType "swiss"]
[EventCountry "POL"]
[SourceTitle "playchess.com"]
[Source "ChessBase"]
[SourceQuality "1"]
[TimeControl "40/5400+30:1800+30"]

1. d4 Nf6 2. c4 e6 3. Nf3 d5 4. Nc3 c5 5. cxd5 Nxd5 6. e3 cxd4 7. exd4 Nxc3 8. bxc3 Qc7 9. Bb5+ Nd7 10. O-O Bd6 11. c4 O-O 12. c5 Be7 13. Re1 Rd8 14. Bd2 Nf6 15. Qa4 Bd7 16. Bxd7 Qxd7 17. Qxd7 Rxd7 18. Rab1 h6 19. h3 b6 20. Rec1 Nd5 21. a4 Rc7 22. cxb6 Rxc1+ 23. Rxc1 axb6 24. Rc4 f6 25. Kf1 Kf7 26. Ke2 Bb4 27. Ne1 Bd6 28. Nd3 g5 29. Kd1 h5 30. Kc2 h4 31. Kb3 Rh8 32. f3 Ke7 33. Nf2 Kd7 34. Ne4 Bf4 35. Rc2 Rg8 36. Nc3 Bxd2 37. Nxd5 exd5 38. Rxd2 Re8 39. Kb4 Re1 40. Rb2 Kc6 41. Rc2+ Kd6 42. Rb2 Kc6 43. a5 bxa5+ 44. Kxa5 Ra1+ 45. Kb4 Rc1 46. Ka5 Kd7 47. Rb7+ Ke6 48. Rb6+ Kf5 49. Rd6 Rc2 50. Rxd5+ Kf4 51. Rc5 Rxg2 52. Kb6 Kxf3 53. d5 g4 54. Rc3+ Ke4 55. d6 g3 56. Kc7 Rd2 57. Rc4+ Ke5 58. d7 f5 59. Rc5+ Ke4 0-1

[Event "54th Rubinstein Memorial-A 2018"]
[Site "Polanica-Zdroj"]
[Date "2018.08.21"]
[Round "5"]
[White "Nowak, Kamil"]
[Black "Walkusz, Witoslaw"]
[Result "1/2-1/2"]
[ECO "D85"]
[WhiteElo "2313"]
[BlackElo "2121"]
[Annotator "NA"]
[PlyCount "61"]
[EventDate "2018.08.18"]
[EventType "swiss"]
[EventCountry "POL"]
[SourceTitle "playchess.com"]
[Source "ChessBase"]
[SourceQuality "1"]
[TimeControl "40/5400+30:1800+30"]

1. d4 Nf6 2. c4 g6 3. Nc3 d5 4. cxd5 Nxd5 5. Na4 Bg7 6. e4 Nb6 7. Be3 Nxa4 8. Qxa4+ Bd7 9. Qb3 Nc6 10. Nf3 O-O 11. h3 b6 12. Be2 e5 13. Rd1 Nxd4 14. Nxd4 exd4 15. Bxd4 Bxd4 16. Rxd4 c5 17. Rd2 Qe7 18. O-O Be6 19. Qe3 Rfd8 20. Rfd1 Rxd2 21. Rxd2 Rd8 22. b3 Rxd2 23. Qxd2 Qd7 24. Qxd7 Bxd7 25. f4 Bc6 26. Bd3 b5 27. Kf2 f6 28. Ke3 Kf7 29. g3 h6 30. h4 Ke6 31. Be2 1/2-1/2

[Event "54th Rubinstein Memorial-A 2018"]
[Site "Polanica-Zdroj"]
[Date "2018.08.22"]
[Round "5"]
[White "Psyk, Radoslaw"]
[Black "Bilczewski, Kacper"]
[Result "1-0"]
[ECO "B12"]
[WhiteElo "2304"]
[BlackElo "2089"]
[Annotator "NA"]
[PlyCount "77"]
[EventDate "2018.08.18"]
[EventType "swiss"]
[EventCountry "POL"]
[SourceTitle "playchess.com"]
[Source "ChessBase"]
[SourceQuality "1"]
[TimeControl "40/5400+30:1800+30"]

1. e4 c6 2. d4 g6 3. Nc3 d5 4. Nf3 Bg7 5. h3 dxe4 6. Nxe4 Nd7 7. Bc4 Ngf6 8. Nxf6+ Nxf6 9. O-O O-O 10. Re1 Nd5 11. c3 h6 12. Ne5 Qd6 13. Bb3 b5 14. Qe2 a6 $16 15. Bd2 Kh7 16. Rad1 Bf5 17. c4 bxc4 18. Qxc4 Bd7 19. Rc1 e6 20. h4 Qe7 21. h5 Bxe5 22. dxe5 g5 23. Be3 Nxe3 24. Rxe3 f5 25. exf6 Qxf6 26. Qc2+ Kh8 27. Rce1 Rae8 28. Re5 Bc8 29. R1e2 Qf7 30. Qc3 Kg8 31. Qxc6 Qxh5 32. Bxe6+ Bxe6 33. Rxe6 Rxe6 34. Qxe6+ Qf7 35. Qxh6 Qxa2 36. Qxg5+ Kh8 37. Qh6+ Kg8 38. Qg6+ Kh8 39. Re3 1-0

[Event "54th Rubinstein Memorial-A 2018"]
[Site "Polanica-Zdroj"]
[Date "2018.08.21"]
[Round "5"]
[White "Reza, Wojciech"]
[Black "Lewtak, Damian"]
[Result "0-1"]
[ECO "B40"]
[WhiteElo "2303"]
[BlackElo "2369"]
[Annotator "NA"]
[PlyCount "52"]
[EventDate "2018.08.18"]
[EventType "swiss"]
[EventCountry "POL"]
[SourceTitle "playchess.com"]
[Source "ChessBase"]
[SourceQuality "1"]
[TimeControl "40/5400+30:1800+30"]

1. e4 c5 2. Nf3 e6 3. b3 b6 4. Bd3 Bb7 5. O-O Ne7 6. Re1 Ng6 7. Bb2 Nc6 8. Bb5 Nh4 9. c3 a6 10. Bf1 g6 11. Nxh4 Qxh4 12. Na3 b5 13. c4 Nd4 14. Nc2 Bg7 15. Nxd4 cxd4 16. cxb5 axb5 17. Bxb5 Qg5 18. a4 f5 19. d3 O-O 20. Qc1 Qh4 21. g3 Qh3 22. f4 g5 23. Ba3 fxe4 24. dxe4 d3 25. Bxf8 Bd4+ 26. Re3 gxf4 0-1

[Event "54th Rubinstein Memorial-A 2018"]
[Site "Polanica-Zdroj"]
[Date "2018.08.21"]
[Round "5"]
[White "Cherepov, Alexej"]
[Black "Klepek, Witold"]
[Result "1/2-1/2"]
[ECO "A46"]
[WhiteElo "2245"]
[BlackElo "2139"]
[Annotator "NA"]
[PlyCount "62"]
[EventDate "2018.08.18"]
[EventType "swiss"]
[EventCountry "POL"]
[SourceTitle "playchess.com"]
[Source "ChessBase"]
[SourceQuality "1"]
[TimeControl "40/5400+30:1800+30"]

1. d4 Nf6 2. Nf3 e6 3. c4 d5 4. g3 Bb4+ 5. Bd2 Bd6 6. Bg2 c6 7. Qc2 O-O 8. O-O Nbd7 9. Bg5 Qe7 10. Nbd2 h6 11. Bxf6 Nxf6 12. e4 dxe4 13. Nxe4 Nxe4 14. Qxe4 Bd7 15. c5 Bc7 16. b4 Rfd8 17. Ne5 Be8 18. Qe3 a5 19. a3 f6 20. Nf3 Bh5 21. Rfe1 axb4 22. axb4 Rxa1 23. Rxa1 e5 24. Re1 Bxf3 25. Bxf3 Kf8 26. dxe5 Qxe5 27. b5 Qxe3 28. Rxe3 Be5 29. bxc6 bxc6 30. Bxc6 Rc8 31. Bf3 Bd4 1/2-1/2

[Event "54th Rubinstein Memorial-A 2018"]
[Site "Polanica-Zdroj"]
[Date "2018.08.21"]
[Round "5"]
[White "Kumala, Aleksander"]
[Black "Domanski, Lukasz"]
[Result "1-0"]
[ECO "D00"]
[WhiteElo "2238"]
[BlackElo "2094"]
[Annotator "NA"]
[PlyCount "41"]
[EventDate "2018.08.18"]
[EventType "swiss"]
[EventCountry "POL"]
[SourceTitle "playchess.com"]
[Source "ChessBase"]
[SourceQuality "1"]
[TimeControl "40/5400+30:1800+30"]

1. d4 d5 2. Bf4 g6 3. e3 Bg7 4. Nf3 Nf6 5. h3 c5 6. c3 Nc6 7. Nbd2 O-O 8. dxc5 a5 9. Bb5 Nd7 10. Nb3 a4 11. Nbd4 Qa5 12. Nxc6 Qxb5 13. Nxe7+ Kh8 14. Nxd5 Nxc5 15. Nb4 a3 16. Nd4 Bxd4 17. Qxd4+ Kg8 18. b3 Bf5 19. Bd6 Ne6 20. Qd5 Qxd5 21. Nxd5 1-0

[Event "54th Rubinstein Memorial-A 2018"]
[Site "Polanica-Zdroj"]
[Date "2018.08.22"]
[Round "5"]
[White "Okrucinski, Tadeusz"]
[Black "Manik, Mikulas"]
[Result "0-1"]
[ECO "E61"]
[WhiteElo "2182"]
[BlackElo "2408"]
[Annotator "NA"]
[PlyCount "74"]
[EventDate "2018.08.18"]
[EventType "swiss"]
[EventCountry "POL"]
[SourceTitle "playchess.com"]
[Source "ChessBase"]
[SourceQuality "1"]
[TimeControl "40/5400+30:1800+30"]

1. d4 Nf6 2. c4 g6 3. Nc3 Bg7 4. g3 O-O 5. Bg2 c6 {LiveBook: 211 Games} 6. e4 d6 7. Nf3 e5 8. O-O exd4 9. Nxd4 Ng4 10. h3 Qf6 11. Nc2 Ne5 12. Qe2 Na6 ({Günstiger ist} 12... Qe6 $14) 13. f4 Nd7 14. Be3 Qe7 $16 15. Bd4 Nf6 16. Rae1 Nc5 17. Qd2 a5 18. g4 Rd8 19. f5 Nfd7 20. Bxg7 Kxg7 21. f6+ Nxf6 22. Nd5 cxd5 23. exd5 Qc7 24. Rxf6 Nd7 25. Rf4 Ne5 26. b3 Qe7 27. Nd4 Bd7 28. c5 Kg8 29. Rfe4 f6 30. g5 Re8 31. gxf6 Qxf6 32. cxd6 Qxd6 33. Qe3 Nf7 34. Ne6 Re7 35. Qd4 Nh6 36. Qc5 Rxe6 37. dxe6 Qxc5+ 0-1

[Event "54th Rubinstein Memorial-A 2018"]
[Site "Polanica-Zdroj"]
[Date "2018.08.22"]
[Round "5"]
[White "Sanz Wawer, Daniel"]
[Black "Djuric, Stefan"]
[Result "1/2-1/2"]
[ECO "E81"]
[WhiteElo "2180"]
[BlackElo "2352"]
[Annotator "NA"]
[PlyCount "43"]
[EventDate "2018.08.18"]
[EventType "swiss"]
[EventCountry "POL"]
[SourceTitle "playchess.com"]
[Source "ChessBase"]
[SourceQuality "1"]
[TimeControl "40/5400+30:1800+30"]

1. d4 Nf6 2. c4 g6 3. f3 Bg7 4. e4 d6 5. Nc3 O-O 6. Nge2 c5 7. d5 a6 8. Ng3 Nfd7 9. Be3 Qa5 10. Qd2 b5 11. Be2 Nb6 12. cxb5 axb5 13. Bh6 b4 $11 14. Bxg7 Kxg7 15. Nd1 e5 16. Nh5+ gxh5 17. Qg5+ Kh8 18. Qf6+ Kg8 19. Qg5+ Kh8 20. Qf6+ Kg8 21. Qg5+ Kh8 22. Qf6+ 1/2-1/2